 Dungeon Crawl Stone Soup version 0.28-a0-1206-g193881aaa2 (webtiles) character file.

Game seed: 13121767071487319075

81 SensoryNuts the Skirmisher (level 4, -3/35 HPs)
             Began as a Demonspawn Fighter on Dec 20, 2021.
             Slain by a gnoll sergeant (14 damage)
             ... on level 3 of the Dungeon.
             The game lasted 00:03:44 (2689 turns).

SensoryNuts the Skirmisher (Demonspawn Fighter)     Turns: 2689, Time: 00:03:45

Health: -3/35      AC:  6    Str: 19    XL:     4   Next: 20%
Magic:  4/4        EV: 11    Int:  7    God:
Gold:   51         SH:  5    Dex: 14    Spells: 3/3 levels left

rFire   + . .      SeeInvis .   a - +0 long sword
rCold   . . .      Faith    .   c - +0 buckler
rNeg    . . .      Spirit   .   b - +0 scale mail
rPois   .          Reflect  .   (no helmet)
rElec   .          Harm     .   (no cloak)
rCorr   .          Rampage  .   (no gloves)
Will    .....                   (no boots)
Stlth   ++........              (no amulet)
HPRegen 0.11/turn               (no ring)
MPRegen 0.09/turn               (no ring)

@: mighty, lethally poisoned (-3 -> -38)
A: sturdy frame 2, thin skeletal structure 1, dopey 1, fire resistance 1,
mutation resistance 1
a: no special abilities


You were on level 3 of the Dungeon.
You visited 1 branch of the dungeon, and saw 3 of its levels.

You collected 51 gold pieces.

Inventory:

Hand Weapons
 a - a +0 long sword (weapon)
Missiles
 f - 2 throwing nets (quivered)
Armour
 b - a +0 scale mail (worn)
 c - a +0 buckler (worn)
Jewellery
 g - a ring of flight
Wands
 m - a wand of iceblast (8)
Scrolls
 j - a scroll of magic mapping
 k - a scroll of teleportation
Potions
 e - a potion of heal wounds


   Skills:
 + Level 3.4 Fighting
 + Level 2.6 Long Blades
 + Level 3.3 Armour
 + Level 0.9 Dodging
 + Level 0.3 Stealth
 + Level 2.9 Shields


You had 3 spell levels left.
You didn't know any spells.
Your spell library contained the following spells:

 Spells                   Type           Power      Damage    Failure   Level
 Passwall                 Tmut/Erth      0%         N/A       75%         2
 Swiftness                Air            0%         N/A       93%         3


Dungeon Overview and Level Annotations

Branches:
Dungeon (3/15)

Altars:
Vehumet

Shops:
D:3 ?

Annotations:
D:3 1 transporter, leviel's ghost, amateur HOFi


Innate Abilities, Weirdness & Mutations

Your movements are less encumbered by armour. (ER -4)
You have a somewhat thin skeletal structure. (Dex +2, Stealth+)
You are dopey. (Int -2)
Your flesh is heat resistant. (rF+)
You are somewhat resistant to further mutation.


Message History

The gnoll sergeant hits you with a +1 trident of venom!
You are poisoned.
You barely miss the gnoll sergeant.
You feel very sick. The gnoll barely misses you.
The gnoll sergeant hits you with a +1 trident of venom!
You are lethally poisoned!
The gnoll closely misses you.
You are too injured to fight recklessly!
You are too injured to fight recklessly!
You feel better.
The gnoll sergeant hits you with a +1 trident of venom.
You are poisoned.
The gnoll barely misses you.
You feel much better.
You feel very sick.
The gnoll sergeant completely misses you.
You block the gnoll's attack.
You hit the gnoll sergeant but do no damage.
You feel very sick.
The gnoll sergeant hits you with a +1 trident of venom.
You are more poisoned.
The gnoll hits you but does no damage.
You feel better.
The gnoll sergeant hits you with a +1 trident of venom.
You are poisoned.
The gnoll hits you from afar with a +0 halberd of chaos!
The gnoll burns you.
You feel better. You block the gnoll sergeant's attack.
A gnoll comes into view. It is carrying a wand of charming (8).
The gnoll misses you.
You feel very mighty all of a sudden. The gnoll sergeant barely misses you.
The gnoll barely misses you. The gnoll sergeant blocks your attack.
The gnoll sergeant hits you with a +1 trident of venom.
You are poisoned.
The gnoll hits you from afar with a +0 halberd of chaos!
You are more poisoned.
The gnoll sergeant hits you with a +1 trident of venom!
You die...

##.#.≈≈#..#8###8#..#≈≈..#
...#.≈≈##.###g###.##≈≈..#
####.≈≈#...........#≈≈..#
..#..≈≈###.##g##.###≈≈..#
#....≈≈..#.#...#.#..≈≈..#
##...≈≈.##.# .#.##.≈≈..#
###.≈≈.#W.# #..#.≈≈..#
#.≈≈.##.#####g##.≈≈..#
#.....#.#8⌠8#@#..≈≈..#
#....©#.'.©.'.#©.≈≈..#
#.....#.#...#g#..≈≈..#
#.≈≈.##.##.##g##.≈≈..#
#.≈≈.#..#...#..#.≈≈.##
#.≈≈.##.'...'.##.≈≈.#
####.≈≈..#.#P..#.#..≈≈.#
...#.≈≈###.##'##.###≈≈.#
...#.≈≈#...........#≈≈.#


You could see a gnoll sergeant and 3 gnolls.

Vanquished Creatures
  An adder (D:2)
  A white imp (D:3)
  2 worms (D:2)
  A dart slug (D:2)
  3 orcs (D:3)
  5 ball pythons
  3 bats
  4 endoplasms
  7 goblins
  3 hobgoblins
  8 jackals
  A quokka (D:1)
  A frilled lizard (D:3)
  7 kobolds
  2 rats
49 creatures vanquished.

Vanquished Creatures (others)
  5 plants (D:3)
5 creatures vanquished.

Grand Total: 54 creatures vanquished

Notes
Turn   | Place    | Note
-------+----------+-------------------------------------------
     0 | D:1      | SensoryNuts the Demonspawn Fighter began the quest for the
                  | Orb.
     0 | D:1      | Reached XP level 1. HP: 18/18 MP: 1/1
   364 | D:1      | Gained mutation: Your movements are slightly less
                  | encumbered by armour. (ER -2) [demonic ancestry]
   364 | D:1      | Reached XP level 2. HP: 23/24 MP: 2/2
   815 | D:1      | Found a faded altar of an unknown god.
  1336 | D:2      | Reached XP level 3. HP: 29/29 MP: 3/3
  1756 | D:2      | Found a radiant altar of Vehumet.
  2117 | D:3      | Found a transporter.
  2123 | D:3      | Found a transporter.
  2246 | D:3      | Gained mutation: Your movements are less encumbered by
                  | armour. (ER -4) [demonic ancestry]
  2246 | D:3      | Reached XP level 4. HP: 35/35 MP: 4/4
  2454 | D:3      | Found Zimoiq's Magic Scroll Boutique.
  2607 | D:3      | Noticed a gnoll sergeant
  2651 | D:3      | Noticed leviel's ghost (amateur HOFi)
  2665 | D:3      | Gained mutation: Your flesh is heat resistant. (rF+)
                  | [potion of mutation]
  2665 | D:3      | Gained mutation: You have a somewhat thin skeletal
                  | structure. (Dex +2, Stealth+) [potion of mutation]
  2665 | D:3      | Gained mutation: You are dopey. (Int -2) [potion of
                  | mutation]
  2665 | D:3      | Gained mutation: You are somewhat resistant to further
                  | mutation. [potion of mutation]
  2689 | D:3      | Slain by a gnoll sergeant

Illustrated notes

Levels and vault maps discovered:
D:1:      onia_arrival_mini_spirals, layout_loops_corners,
          ebering_ecumenical_altar_box
D:2:      layout_basic, basic_altar
D:3:      layout_rooms, serial_shops, shop, gammafunk_ghost_gnarly_gnolls

Skill      XL: |  1  2  3 |
---------------+----------+-----
Long Blades    | 2 |  2.6
Armour         | 3 |  3.3
Fighting       | |  3.4
Dodging        | |  0.9
Stealth        | |  0.3
Shields        | |  2.9

Action                   |  1- 3 |  4- 6 || total
-------------------------+-------+-------++-------
Melee: Long sword        |   162 |    29 ||   191
  Use: Potion            |     2 |     6 ||     8
       Scroll            |     2 |     4 ||     6
Armor: Scale mail        |    96 |     7 ||   103
Dodge: Dodged            |    90 |    23 ||   113
Block: Buckler           |    40 |     7 ||    47

Table legend: (Time is in decaauts)
 A = Elapsed time spent in this place.
 B = Non-inter-level travel time spent in this place.
 C = Inter-level travel time spent in this place.
 D = Time resting spent in this place.
 E = Time spent auto-exploring this place.
 F = Levels seen in this place.
 G = Mean time per level.
                   A        B        C        D        E       F      G
               +--------+--------+--------+--------+--------+-----+--------+
         Total |   2748 |   2642 |    106 |     63 |   2126 |   3 |  916.0 |
       Dungeon |   2748 |   2642 |    106 |     63 |   2126 |   3 |  916.0 |
               +--------+--------+--------+--------+--------+-----+--------+

Top non-repeatable levels by time:
     D:1: 1338 daAuts
     D:2: 816 daAuts
     D:3: 593 daAuts
